 Dungeon Crawl Stone Soup version 0.28-a0-769-g550dbda0cd (webtiles) character file.

Game seed: 3853043256117164327

567 mandarbmax the Shooter (level 7, 0/96 HPs)
             Began as a Minotaur Hunter on Oct 31, 2021.
             Was a Follower of Okawaru.
             Succumbed to a killer bee's poison
             ... on level 5 of the Dungeon.
             The game lasted 00:09:19 (4668 turns).

mandarbmax the Shooter (Minotaur Hunter)            Turns: 4668, Time: 00:09:19

Health: 0/96       AC: 23    Str: 19    XL:     7   Next: 11%
Magic:  4/6        EV:  2    Int:  8    God:    Okawaru [*.....]
Gold:   198        SH:  0    Dex: 10    Spells: 6/6 levels left

rFire   . . .      SeeInvis .   b - +2 mace (protect)
rCold   . . .      Faith    .   (no shield)
rNeg    . . .      Spirit   .   (armour currently unavailable)
rPois   +          Reflect  .   (helmet currently unavailable)
rElec   .          Harm     .   (cloak currently unavailable)
rCorr   .          Rampage  .   (gloves currently unavailable)
Will    .....      NoTele   +   (boots currently unavailable)
Stlth   +++.......              r - amulet of regeneration
HPRegen 1.26/turn               (no ring)
MPRegen 0.10/turn               (no ring)

@: lethally poisoned (0 -> -2), tree-form (expiring), heroic
A: stationary, stasis, torment immunity, boosted hp, (horns 2), (retaliatory
headbutt), deterioration 1, mutation resistance 1, (teleportitis 1)
a: Renounce Religion, Heroism


You were on level 5 of the Dungeon.
You worshipped Okawaru.
Okawaru was aware of your devotion.
You were a tree.
You visited 2 branches of the dungeon, and saw 6 of its levels.

You collected 198 gold pieces.

Inventory:

Hand Weapons
 a - a +1 shortbow
 b - a +2 mace of protection (weapon)
Missiles
 d - 120 arrows
 o - 4 curare-tipped darts (quivered)
Armour
 c - a +0 leather armour (melded)
 j - a +0 cloak (melded)
 k - a +0 pair of gloves (melded)
Jewellery
 r - an amulet of regeneration (around neck)
 t - a ring of fire
Wands
 n - a wand of charming (9)
 q - a wand of flame (27)
 s - a wand of paralysis (13)
Scrolls
 e - 2 scrolls of identify
 g - a scroll of enchant weapon {unknown}
 i - a scroll of magic mapping {unknown}
 l - a scroll of noise
 u - 2 scrolls of blinking {unknown}
Potions
 f - a potion of degeneration
 p - 2 potions of mutation


   Skills:
 + Level 6.8(11.8) Fighting
 + Level 7.1(12.1) Bows
 - Level 3.0(8.0) Dodging
 - Level 0.7(5.7) Stealth


You had 6 spell levels left.
You didn't know any spells.
Your spell library contained the following spells:

 Spells                   Type           Power      Damage    Failure   Level
 Static Discharge         Conj/Air       0%         N/A       54%         2
 Airstrike                Air            0%         N/A       99%         4
 Lightning Bolt           Conj/Air       0%         1d11      100%        5
 Maxwell's Capacitive Co  Air            0%         ∞         100%        8
 Summon Lightning Spire   Summ/Air       Unusable   N/A       N/A         4

Dungeon Overview and Level Annotations

Branches:
Dungeon (5/15)             Temple (1/1) D:4

Altars:
Ashenzari
Dithmenos
Elyvilon
Fedhas
Gozag
Hepliaklqana
Kikubaaqudgha
Makhleb
Nemelex Xobeh
Okawaru
Qazlal
Ru
Sif Muna
Trog
Uskayaw
Vehumet
Wu Jian
Xom
Yredelemnul
Zin
The Shining One


Innate Abilities, Weirdness & Mutations

You are a tree.
Your roots penetrate the ground, keeping you stationary.
You cannot be teleported.
You are immune to unholy pain and torment.
Your maximum health is greatly increased.
Your equipment is partially melded.
((You have a pair of horns on your head.))
((You reflexively headbutt those who attack you in melee.))
Your body sometimes deteriorates upon taking damage.
You are somewhat resistant to further mutation.
((You are occasionally teleported next to monsters.))


Message History

The killer bee stings you.
* * * LOW HITPOINT WARNING * * *
You gain the combat prowess of a mighty hero.
Your transformation is almost over.
The killer bee stings you!
* * * LOW HITPOINT WARNING * * *
The killer bee stings you but does no damage. x3
Unknown command.
You miss the killer bee.
The killer bee is heavily wounded.
The killer bee stings you but does no damage. x3
The killer bee stings you.
* * * LOW HITPOINT WARNING * * *
You are poisoned.
The killer bee poisons you!
The killer bee stings you but does no damage.
It was a potion of curing.
You feel better. The killer bee stings you.
* * * LOW HITPOINT WARNING * * *
The killer bee stings you but does no damage. x2
The killer bee stings you.
* * * LOW HITPOINT WARNING * * *
It was a potion of flight.
Your roots keep you in place.
The killer bee stings you.
* * * LOW HITPOINT WARNING * * *
The killer bee barely misses you.
The killer bee stings you but does no damage. x2
You closely miss the killer bee.
The killer bee is heavily wounded.
The killer bee stings you but does no damage. x4
You miss the killer bee.
The killer bee is heavily wounded.
The killer bee stings you but does no damage.
The killer bee stings you.
* * * LOW HITPOINT WARNING * * *
You are lethally poisoned!
The killer bee poisons you!
The killer bee stings you but does no damage. x3
You closely miss the killer bee.
The killer bee is heavily wounded.
You die...

# ######## #####
#......########## #...#
#......##........ #...#
#......##........
....####......##........
....##........##........
..............##........
...............y♣.......
......##.......##y......
................+.......
...............##..(....
......................##
..........####.###....#
.........## #+# ....#
...###### ....# .###


You could see 2 killer bees.

Vanquished Creatures
  A centaur (D:5)
  A phantom (D:4)
  A killer bee (D:4)
  A hound (D:4)
  A centaur skeleton (D:2)
  2 iguanas
  2 orc wizards (D:3)
  A hound skeleton (D:4)
  Robin (D:2)
  6 adders
  An ufetubus (D:2)
  8 dart slugs
  7 orcs
  6 ball pythons
  7 endoplasms
  7 giant cockroaches (D:1)
  20 goblins
  10 hobgoblins
  2 jackals (D:3)
  4 kobolds
  4 quokkas
  2 bats
  3 frilled lizards
  12 rats
110 creatures vanquished.

Notes
Turn   | Place    | Note
-------+----------+-------------------------------------------
     0 | D:1      | mandarbmax the Minotaur Hunter began the quest for the Orb.
     0 | D:1      | Reached XP level 1. HP: 18/18 MP: 0/0
    74 | D:1      | Reached XP level 2. HP: 18/25 MP: 1/1
   172 | D:1      | Found a faded altar of an unknown god.
   629 | D:1      | Reached XP level 3. HP: 29/31 MP: 2/2
  1165 | D:2      | Reached skill level 5 in Bows
  1165 | D:2      | Reached XP level 4. HP: 40/40 MP: 3/3
  1247 | D:2      | Noticed Robin
  1708 | D:2      | Killed Robin
  1716 | D:2      | Reached XP level 5. HP: 42/47 MP: 4/4
  2649 | D:3      | Reached skill level 5 in Fighting
  3039 | D:3      | Reached skill level 6 in Bows
  3136 | D:4      | Reached XP level 6. HP: 56/56 MP: 5/5
  3262 | D:4      | Identified the +5 short sword of the Horn {elec, rF+++ MP+9
                  | Str-4}
  3349 | D:4      | Found a staircase to the Ecumenical Temple.
  3383 | Temple   | Entered the Ecumenical Temple
  3580 | Temple   | Became a worshipper of Warmaster Okawaru
  4325 | D:5      | Entered Level 5 of the Dungeon
  4430 | D:5      | Reached * piety under Okawaru
  4431 | D:5      | Reached skill level 7 in Bows
  4431 | D:5      | Reached XP level 7. HP: 63/64 MP: 6/6
  4652 | D:5      | Gained mutation: You are occasionally teleported next to
                  | monsters. [potion of mutation]
  4652 | D:5      | Gained mutation: Your body sometimes deteriorates upon
                  | taking damage. [potion of mutation]
  4652 | D:5      | Gained mutation: You are somewhat resistant to further
                  | mutation. [potion of mutation]
  4665 | D:5      | HP: 3/96 [killer bee (6)]
  4667 | D:5      | HP: 1/96 [killer bee (4)]
  4668 | D:5      | Succumbed to a killer bee's poison

Illustrated notes

Levels and vault maps discovered:
D:1:      dpeg_arrival_ratfight, layout_rooms,
          dreamdust_ecumenical_altar_angels_and_demons, minmay_worlds_worst_comb
D:2:      layout_basic, roderic_serpentine_path, kennysheep_decorative_pillar,
          uniq_robin
D:3:      layout_loops_ring
D:4:      layout_loops_ring, minmay_temple_entry_glassed_door
D:5:      kennysheep_windowed_halls, layout_basic
Temple:   roderic_octagonal_lattice_temple

Skill      XL: |  1  2  3  4  5  6 |
---------------+-------------------+-----
Fighting       | 3 4 5 6 |  6.8
Dodging        | 3 |  3.0
Bows           | 5 6 7 |  7.1
Stealth        | |  0.7

Action                   |  1- 3 |  4- 6 |  7- 9 || total
-------------------------+-------+-------+-------++-------
Melee: Mace              |    76 |   147 |    11 ||   234
       Headbutt          |    14 |    21 |       ||    35
 Fire: Shortbow          |       |     7 |     8 ||    15
Invok: Heroism           |       |       |     1 ||     1
  Use: Potion            |       |       |     4 ||     4
       Scroll            |       |       |     2 ||     2
Armor: Leather armour    |    32 |    95 |     2 ||   129
       Skin              |       |       |    51 ||    51
Dodge: Dodged            |    74 |   134 |     9 ||   217

Table legend: (Time is in decaauts)
 A = Elapsed time spent in this place.
 B = Non-inter-level travel time spent in this place.
 C = Inter-level travel time spent in this place.
 D = Time resting spent in this place.
 E = Time spent auto-exploring this place.
 F = Levels seen in this place.
 G = Mean time per level.
                   A        B        C        D        E       F      G
               +--------+--------+--------+--------+--------+-----+--------+
         Total |   4756 |   4612 |    144 |    529 |   3265 |   6 |  792.7 |
       Dungeon |   4469 |   4345 |    124 |    529 |   3025 |   5 |  893.8 |
        Temple |    287 |    267 |     20 |      0 |    240 |   1 |  287.0 |
               +--------+--------+--------+--------+--------+-----+--------+

Top non-repeatable levels by time:
     D:1: 1230 daAuts
     D:2: 1163 daAuts
     D:4: 990 daAuts
     D:3: 788 daAuts
     D:5: 295 daAuts
  Temple: 287 daAuts
